 Dungeon Crawl Stone Soup version 0.23.2-40-g277498a001 (webtiles) character file.

Game seed: 12748568867136897127

3992 DildoBatman the Artisan of Death (level 10, 0/70 HPs)
             Began as a Demonspawn Wizard on Aug 16, 2019.
             Was a Priest of Kikubaaqudgha.
             Slain by an ogre
             ... wielding a +0 giant club
              (28 damage)
             ... on level 8 of the Dungeon.
             The game lasted 00:36:49 (7885 turns).

DildoBatman the Artisan of Death (DsWz)             Turns: 7885, Time: 00:36:49

Health: 0/70       AC:  6    Str: 13    XL:     10   Next: 3%
Magic:  6/14       EV: 12    Int: 22    God:    Kikubaaqudgha [***...]
Gold:   392        SH:  0    Dex: 12    Spells: 1/15 levels left

rFire    + + .     SeeInvis .   a - +2 spear (pierce)
rCold    + . .     Gourm    .   (no shield)
rNeg     . . .     Faith    .   F - +2 leather armour {MR+}
rPois    .         Spirit   .   j - +0 hat
rElec    .         Reflect  .   w - scarf {rC+ rF+}
rCorr    .         Harm     .   S - +0 pair of gloves
MR       +....                  (no boots)
Stlth    ++++......             Q - amulet of the acrobat
HPRegen  0.21/turn              e - ring of protection from fire
MPRegen  0.14/turn              (no ring)

@: mighty, lethally poisoned (0 -> -1)
A: horns 1, demonic guardian 1, nightstalker 2
a: Receive Corpses, Renounce Religion


You were on level 8 of the Dungeon.
You worshipped Kikubaaqudgha.
Kikubaaqudgha was most pleased with you.
You were hungry.

You visited 2 branches of the dungeon, and saw 9 of its levels.

You collected 392 gold pieces.

Inventory:

Hand Weapons
 a - a +2 spear of piercing (weapon)
 b - a +0 dagger of electrocution
 c - a +0 hunting sling
 M - a +4 flail
Missiles
 d - 48 bolts
 q - 90 sling bullets
 y - 106 arrows
 B - 260 stones (quivered)
 G - 5 tomahawks
Armour
 j - a +0 hat (worn)
 w - a scarf of resistance (worn)
 F - a +2 leather armour of magic resistance (worn)
 R - a +0 shield
 S - a +0 pair of gloves (worn)
Jewellery
 e - a ring of protection from fire (left hand)
 Q - an amulet of the acrobat (around neck)
Wands
 u - a wand of enslavement (9)
 N - a wand of flame (18)
 T - a wand of disintegration (10)
Scrolls
 g - a scroll of enchant weapon {unknown}
 l - a scroll of amnesia {unknown}
 p - 2 scrolls of immolation {unknown}
 r - 6 scrolls of teleportation
 s - 3 scrolls of fear
 x - 5 scrolls of remove curse
 z - 2 scrolls of identify
 A - 2 scrolls of fog {unknown}
 D - 2 scrolls of enchant armour {unknown}
 E - a scroll of magic mapping {unknown}
 I - a scroll of random uselessness {unknown}
 L - a scroll of blinking {unknown}
Potions
 f - 2 potions of heal wounds
 h - 5 potions of might
 i - a potion of berserk rage {unknown}
 k - 2 potions of ambrosia
 m - 2 potions of brilliance {unknown}
 n - 2 potions of lignification {unknown}
 o - a potion of mutation {unknown}
 t - a potion of flight {unknown}
 C - a potion of magic {unknown}
 J - 2 potions of degeneration {unknown}
 K - a potion of curing
 O - 2 potions of haste {unknown}
 P - a potion of resistance {unknown}
Comestibles
 v - 11 rations
 H - 2 chunks of flesh


   Skills:
 - Level 3.0 Fighting
 - Level 1.0 Maces & Flails
 - Level 2.0 Polearms
 - Level 2.0 Armour
 - Level 2.0 Dodging
 - Level 3.0 Stealth
 - Level 3.0 Spellcasting
 - Level 6.0 Conjurations
 - Level 4.0 Charms
   Level 1.0 Summonings
 * Level 8.1 Necromancy
   Level 0.8 Translocations
 - Level 4.0 Fire Magic
 - Level 4.0 Air Magic
 - Level 4.1 Poison Magic


You had one spell level left.
You knew the following spells:

 Your Spells              Type           Power        Failure   Level  Hunger
a - Conjure Flame         Conj/Fire      ####....     6%          3    ###....
b - Searing Ray           Conj           ####..       1%          2    ##.....
c - Magic Dart            Conj           ####         1%          1    None
d - Regeneration          Chrm/Necr      ####......   3%          3    ###....
e - Mephitic Cloud        Conj/Pois/Air  ###.....     7%          3    ###....
z - Sublimation of Blood  Necr           #####.....   1%          2    ##.....

Your spell library contained the following spells:

 Spells                   Type           Power        Failure   Level  Hunger
 Pain                     Necr           ####         1%          1    None
 Summon Small Mammal      Summ           #...         11%         1    None
 Corpse Rot               Necr           N/A          1%          2    ##.....
 Iskenderun's Mystic Bla  Conj           ####....     13%         4    ####...
 Dazzling Spray           Conj/Hex       ###...       14%         3    ###....
 Call Imp                 Summ           #.......     16%         2    ##.....
 Blink                    Tloc           N/A          17%         2    ##.....
 Slow                     Hex            #.......     24%         2    ##.....
 Call Canine Familiar     Summ           #.......     30%         3    ###....
 Summon Guardian Golem    Hex/Summ       #.......     36%         3    ###....
 Force Lance              Conj/Tloc      ###.....     36%         4    ####...
 Fulminant Prism          Conj/Hex       ###.......   41%         4    ####...
 Summon Lightning Spire   Summ/Air       ##......     50%         4    ####...
 Summon Ice Beast         Ice/Summ       #.......     77%         4    ####...


Dungeon Overview and Level Annotations

Branches:
Dungeon (8/15)             Temple (1/1) D:4
   Lair: D:8-11

Altars:
Ashenzari
Cheibriados
Dithmenos
Elyvilon
Fedhas
Gozag
Hepliaklqana
Kikubaaqudgha
Makhleb
Nemelex Xobeh
Okawaru
Qazlal
Ru
Sif Muna
Trog
Uskayaw
Vehumet
Wu Jian
Xom
Yredelemnul
Zin
The Shining One

Shops:
D:8 !

Annotations:
D:8 exclusion: ogre mage


Innate Abilities, Weirdness & Mutations

You have a pair of small horns on your head.
A weak demonic guardian rushes to your aid.
You are significantly more attuned to the shadows.


Message History

The ogre is engulfed in noxious fumes.
The ogre closely misses you.
You hit the ogre.
The ogre is lightly wounded.
The giant cockroach misses you. The leopard gecko bites you.
You puncture the ogre!
The ogre is heavily wounded.
The giant cockroach bites you but does no damage.
The leopard gecko closely misses you. The ogre misses you.
The giant cockroach barely misses you.
The leopard gecko completely misses you.
You puncture the ogre! Your headbutt misses the ogre.
The ogre is almost dead.
You feel sick.
The ogre hits you with a +0 giant club!!
You die...
Kikubaaqudgha rasps: "You have failed me!
Welcome... death!"

#.# #.# #. #.#####
#.# ...#.
#.....####.##......
#..#..y..........#.#
#.###.##.#......?...
.y# ##..yy..........
### #.#####...y.....
#.# ####sl..# #.#
#@O5#.# #. #†○.# #
#####


You could see an ogre, a killer bee, a leopard gecko, a giant cockroach and a
friendly white imp.

Vanquished Creatures
  Pikel (D:6)
  A hungry ghost (D:7)
  Menkaure (D:6)
  Duvessa (D:6)
  2 water moccasins
  4 ice beasts
  A sky beast (D:6)
  2 orc warriors (D:7)
  4 slaves (D:6)
  2 phantoms
  An ogre (D:6)
  7 bullfrogs
  Dowan (D:6)
  5 scorpions
  6 killer bees (D:8)
  4 wights (D:7)
  A howler monkey (D:6)
  A crimson imp (D:6)
  6 hounds
  A centaur skeleton (D:4)
  5 orc priests
  Jessica (D:2)
  2 iguanas
  Natasha (thrice) (D:2)
  5 orc wizards
  4 worker ants
  A hound zombie (D:6)
  Robin (D:1)
  9 adders
  An ooze (D:3)
  2 adder zombies (D:6)
  3 dart slugs
  A leopard gecko (D:2)
  23 orcs
  4 giant cockroaches
  14 goblins
  11 hobgoblins
  7 jackals
  5 quokkas
  2 ball pythons
  9 bats
  10 frilled lizards
  A jackal skeleton (D:6)
  6 kobolds
  7 rats
189 creatures vanquished.

Vanquished Creatures (collateral kills)
  An ogre (D:7)
  A bullfrog (D:6)
  A crimson imp (D:8)
  An adder skeleton (D:7)
  An orc (D:7)
5 creatures vanquished.

Vanquished Creatures (others)
  An adder (D:6)
1 creature vanquished.

Grand Total: 195 creatures vanquished

Notes
Turn   | Place    | Note
-------+----------+-------------------------------------------
     0 | D:1      | DildoBatman the Demonspawn Wizard began the quest for the
                  | Orb.
     0 | D:1      | Reached XP level 1. HP: 13/13 MP: 4/4
   306 | D:1      | Gained mutation: You are slightly more attuned to the
                  | shadows. [demonic ancestry]
   306 | D:1      | Reached XP level 2. HP: 16/19 MP: 0/6
  1301 | D:2      | Noticed Jessica
  1313 | D:2      | Gained mutation: You have a pair of small horns on your
                  | head. [demonic ancestry]
  1313 | D:2      | Reached XP level 3. HP: 24/24 MP: 1/7
  1318 | D:2      | Learned a level 3 spell: Conjure Flame
  1322 | D:2      | Learned a level 3 spell: Mephitic Cloud
  1540 | D:2      | Found a snail-covered altar of Cheibriados.
  1947 | D:2      | Reached XP level 4. HP: 30/30 MP: 5/8
  2042 | D:2      | Noticed Robin
  2636 | D:3      | Found a deep blue altar of Sif Muna.
  2642 | D:3      | Noticed Natasha
  2728 | D:3      | Found a snail-covered altar of Cheibriados.
  2729 | D:3      | Found a radiant altar of Vehumet.
  2730 | D:3      | Found a bloodstained altar of Trog.
  3001 | D:3      | Found a shattered altar of Ashenzari.
  3002 | D:3      | Found a basalt altar of Yredelemnul.
  3002 | D:3      | Found a snail-covered altar of Cheibriados.
  3007 | D:3      | Reached XP level 5. HP: 32/35 MP: 4/9
  3050 | D:3      | Found a bloodstained altar of Trog.
  3050 | D:3      | Found a shimmering altar of Xom.
  3050 | D:3      | Found a shimmering altar of Xom.
  3100 | D:3      | Reached skill level 5 in Conjurations
  3187 | D:3      | Found an ancient bone altar of Kikubaaqudgha.
  3193 | D:3      | Became a worshipper of Kikubaaqudgha
  3403 | D:2      | Killed Natasha
  3430 | D:2      | Noticed Natasha
  3436 | D:2      | Killed Natasha
  3471 | D:2      | Killed Jessica
  3562 | D:2      | Noticed Natasha
  3582 | D:2      | Killed Natasha
  3640 | D:1      | Killed Robin
  3701 | D:4      | Learned a level 2 spell: Searing Ray
  3716 | D:4      | Reached XP level 6. HP: 33/41 MP: 10/10
  4061 | D:4      | Reached skill level 1 in Fire Magic
  4061 | D:4      | Reached skill level 1 in Air Magic
  4061 | D:4      | Reached skill level 1 in Poison Magic
  4122 | D:4      | Found a staircase to the Ecumenical Temple.
  4138 | Temple   | Entered the Ecumenical Temple
  4442 | D:4      | Reached XP level 7. HP: 29/46 MP: 1/11
  4970 | D:5      | Entered Level 5 of the Dungeon
  5229 | D:5      | Found a glowing silver altar of Zin.
  5398 | D:5      | Reached * piety under Kikubaaqudgha
  5398 | D:5      | Identified Kikubaaqudgha's Tome of Black Arts
                  | (Kikubaaqudgha gifted it to you on level 5 of the Dungeon)
  5398 | D:5      | Received a gift from Kikubaaqudgha
  5415 | D:5      | Learned a level 3 spell: Regeneration
  5633 | D:6      | Reached skill level 1 in Necromancy
  5713 | D:6      | Noticed Pikel
  5746 | D:6      | Killed Pikel
  5746 | D:6      | Reached skill level 1 in Charms
  5746 | D:6      | Reached skill level 2 in Necromancy
  5746 | D:6      | Gained mutation: You are significantly more attuned to the
                  | shadows. [demonic ancestry]
  5746 | D:6      | Reached XP level 8. HP: 42/52 MP: 4/12
  5851 | D:6      | Noticed Dowan
  5853 | D:6      | Noticed Duvessa
  5870 | D:6      | Killed Duvessa
  5873 | D:6      | Killed Dowan
  5873 | D:6      | Reached skill level 3 in Necromancy
  6076 | D:6      | Noticed Menkaure
  6080 | D:6      | Killed Menkaure
  6080 | D:6      | Reached skill level 4 in Necromancy
  6212 | D:6      | Gained mutation: A weak demonic guardian rushes to your
                  | aid. [demonic ancestry]
  6212 | D:6      | Reached XP level 9. HP: 51/57 MP: 10/13
  6383 | D:6      | Reached skill level 5 in Necromancy
  6459 | D:6      | Learned a level 2 spell: Sublimation of Blood
  6526 | D:6      | Reached skill level 6 in Necromancy
  6770 | D:7      | Reached ** piety under Kikubaaqudgha
  6770 | D:7      | Reached skill level 1 in Maces & Flails
  6846 | D:7      | Reached skill level 7 in Necromancy
  6903 | D:7      | Reached skill level 1 in Fighting
  6903 | D:7      | Reached skill level 1 in Armour
  7489 | D:7      | Reached skill level 1 in Polearms
  7583 | D:8      | Found Biovuthe's Distillery.
  7826 | D:8      | Noticed an ogre mage
  7849 | D:8      | Found an iron altar of Okawaru.
  7873 | D:8      | Reached *** piety under Kikubaaqudgha
  7873 | D:8      | Identified Kikubaaqudgha's Papyrus of Black Arts
                  | (Kikubaaqudgha gifted it to you on level 8 of the Dungeon)
  7873 | D:8      | Received a gift from Kikubaaqudgha
  7873 | D:8      | Reached skill level 8 in Necromancy
  7873 | D:8      | Reached XP level 10. HP: 38/70 MP: 7/14
  7885 | D:8      | Slain by an ogre

Skill      XL: |  1  2  3  4  5  6  7  8  9 |
---------------+----------------------------+-----
Conjurations   | 2 3 4 6 |  6.0
Fire Magic     | 2 3 4 |  4.0
Air Magic      | 2 3 4 |  4.0
Poison Magic   | 2 3 4 |  4.1
Necromancy     | 2 4 8 |  8.1
Charms         | 1 3 4 |  4.0
Maces & Flails | 1 |  1.0
Dodging        | 2 |  2.0
Stealth        | 3 |  3.0
Fighting       | 3 |  3.0
Armour         | 2 |  2.0
Polearms       | 2 |  2.0
Spellcasting   | |  3.0
Summonings     | |  1.0
Translocations | |  0.8

Action                   |  1- 3 |  4- 6 |  7- 9 | 10-12 || total
-------------------------+-------+-------+-------+-------++-------
Melee: Unarmed           |     8 |       |       |       ||     8
       Short sword       |     8 |       |       |       ||     8
       Dagger            |       |    26 |   127 |       ||   153
       Headbutt          |       |     8 |    35 |       ||    43
       Flail             |       |     6 |   101 |       ||   107
       Spear             |       |       |   129 |    11 ||   140
       Trident           |       |       |    14 |       ||    14
 Fire: Hunting sling     |    13 |    27 |       |       ||    40
 Cast: Magic Dart        |    71 |    81 |    28 |       ||   180
       Mephitic Cloud    |       |    13 |    29 |     1 ||    43
       Conjure Flame     |       |     3 |    17 |       ||    20
       Searing Ray       |       |     3 |    16 |       ||    19
       Regeneration      |       |       |     8 |       ||     8
  Use: Scroll            |       |     5 |     2 |       ||     7
       Potion            |       |       |     2 |       ||     2
 Stab: Confused          |       |     5 |    10 |     1 ||    16
       Sleeping          |       |       |     5 |       ||     5
       Distracted        |       |       |     4 |       ||     4
  Eat: Chunk             |     3 |     9 |    17 |       ||    29
Armor: Robe              |     8 |     3 |       |       ||    11
       Leather armour    |       |     3 |    89 |     8 ||   100
Dodge: Dodged            |    26 |    47 |   189 |    16 ||   278
